 Dungeon Crawl Stone Soup version 0.18-a0-1350-g404b4cb (webtiles) character file.

49706 Duffy the Brawler (level 14, 64/77 HPs)
             Began as a Vine Stalker Monk on Feb 18, 2016.
             Was a High Priest of Cheibriados.
             Quit the game on level 2 of the Orcish Mines.
             The game lasted 00:23:33 (12479 turns).

Duffy the Brawler (Vine Stalker Monk)              Turns: 12479, Time: 00:23:33

Health: 64/77      AC: 12    Str: 31    XL:     14   Next: 52%
Magic:  30/30      EV: 22    Int: 22    God:    Cheibriados [*****.]
Gold:   1036       SH:  0    Dex: 29    Spells: 0 memorised, 13 levels left

rFire  + . .     SeeInvis .       - Unarmed
rCold  . . .     Gourm    +     n - +4 scale mail {rF+}
rNeg   . . .     Faith    .     (no shield)
rPois  .         Spirit   +     M - +0 helmet
rElec  .         Dismiss  .     (no cloak)
rCorr  .         Reflect  .     (no gloves)
SustAt +         Harm     .     I - +0 pair of boots
MR     +....                    z - amulet of the gourmand
Stlth  +++.......               l - ring of magical power
                                K - ring "Otaozikh" {SustAt Stlth+}

@: very slow, somewhat resistant to hostile enchantments, fairly stealthy
A: fangs 3, regeneration 3, magic shield, antimagic bite, no device heal 3, rot
immunity
a: Bend Time, Temporal Distortion, Slouch, Step From Time, Renounce Religion


You were on level 2 of the Orcish Mines.
You worshipped Cheibriados.
Cheibriados was extremely pleased with you.
You were full.

You visited 3 branches of the dungeon, and saw 16 of its levels.
You also visited: Sewer, Ice Cave and Volcano.

You collected 1036 gold pieces.


Innate Abilities, Weirdness & Mutations

You have razor-sharp teeth.
You regenerate.
When hurt, damage is shared between your health and your magic reserves.
Your bite disrupts and absorbs the magic of your enemies.
Potions and wands cannot restore your health.
You are immune to rotting.


   Skills:
 + Level 10.2 Fighting
 - Level 10.0 Dodging
 - Level 2.4 Stealth
 + Level 17.1 Unarmed Combat
 - Level 8.8 Invocations


You had 13 spell levels left.
You didn't know any spells.

Inventory:

Missiles
 y - 21 poisoned needles
Armour
 n - a +4 scale mail of fire resistance (worn)
 I - a +0 pair of boots (worn)
 M - a +0 helmet (worn)
Jewellery
 e - an uncursed ring of resist corrosion
 l - a ring of magical power (right hand)
 z - an amulet of the gourmand (around neck)
 J - an uncursed ring of flight
 K - the ring "Otaozikh" (left hand) {SustAt Stlth+}

   [ring of sustain attributes]

   It sustains your strength, intelligence and dexterity.
   It makes you more stealthy.
 P - an uncursed ring of protection from cold
Wands
 o - a wand of teleportation (2/9)
 N - a wand of iceblast (10/15)
 T - a wand of lightning (4/15)
Scrolls
 f - a scroll of fog
 g - 7 scrolls of remove curse
 h - 2 scrolls of blinking
 j - a scroll of identify
 k - a scroll of magic mapping
 t - 3 scrolls of teleportation
 B - 2 scrolls of enchant armour
 D - a scroll of recharging
 O - 2 scrolls of summoning
Potions
 c - 5 potions of curing
 d - 2 potions of magic
 p - a potion of invisibility
 q - 2 potions of lignification {unknown}
 r - 3 potions of resistance
 s - a potion of cure mutation {unknown}
 u - 2 potions of brilliance
 A - 2 potions of mutation {unknown}
 C - 2 potions of agility
 F - 2 potions of flight
 H - 3 potions of might
 W - 2 potions of cancellation
Books
 a - a book of Geomancy
 m - a book of Changes
Comestibles
 b - 6 bread rations
 i - 5 fruits
 v - 8 meat rations
 x - 4 beef jerkies
 L - 2 royal jellies
 S - 2 slices of pizza

Dungeon Overview and Level Annotations

Branches:
Dungeon (9/15)             Temple (0/1) D:4            Lair (5/8) D:8
 Shoals (0/4) Lair:4        Snake (0/4) Lair:3          Orc (2/2) D:9
    Elf: Orc:2

Altars:
Cheibriados
Gozag
Okawaru
Trog
Xom
Beogh

Shops:
Orc:2 *}**


Message History

The orc warrior misses you.
You pummel the orc warrior!!
You kill the orc warrior!
Cheibriados appreciates the change of pace.
The orc high priest completely misses you.
The orc warrior completely misses you. The orc high priest closely misses you.
The orc warrior barely misses you.
Things that are here:
a club; a scale mail You punch the orc warrior!
You kill the orc warrior!
Cheibriados thoroughly appreciates the change of pace.
The orc high priest hits you from afar with a trident.
The orc high priest calls down the wrath of Beogh upon you.
Beogh smites you! The orc high priest closely misses you.
Things that are here:
a war axe; a plate armour You punch the orc high priest!
You punch the orc high priest. Your bite misses the orc high priest.
The orc high priest is heavily wounded.
The orc high priest mumbles some strange prayers to Beogh.
You closely miss the orc high priest. You punch the orc high priest!
You bite the orc high priest! You drain its power.
You feel invigorated.
The orc high priest is almost dead.
You hit the orc high priest.
You kill the orc high priest!
Cheibriados thoroughly appreciates the change of pace.
The soul eater disappears in a puff of smoke!
No target in view!
No target in view!
No target in view!
Things that are here:
a dagger; an orc corpse
There is an entrance to Foichuh's Assorted Antiques here.
Are you sure you want to abandon this character and quit the game? (Confirm with "yes".)

.#[).#........####.....##
##8.8##........####...##
#.)).)####......#######
...))..# ###..)..##
....)...# ##.))..##
.8._.8..# ##).....##
........# #...).)..#
.......## #.....)..#
#....@.[.# ##.......#
#......## ###...## #####


There were no monsters in sight!

Action                   |  1- 3 |  4- 6 |  7- 9 | 10-12 | 13-15 || total
-------------------------+-------+-------+-------+-------+-------++-------
Melee: Unarmed           |    95 |    86 |   253 |   374 |   387 ||  1195
Invok: Slouch            |       |       |       |     4 |     8 ||    12
  Use: Scroll            |       |       |     1 |    19 |     7 ||    27
 Stab: Sleeping          |    12 |     3 |       |     1 |     3 ||    19
       Distracted        |       |       |     1 |     1 |     1 ||     3
  Eat: Chunk             |       |     1 |     7 |    16 |     5 ||    29

Notes
Turn   | Place    | Note
--------------------------------------------------------------
     0 | D:1      | Duffy the Vine Stalker Monk began the quest for the Orb.
     0 | D:1      | Reached XP level 1. HP: 11/11 MP: 2/2
   135 | D:1      | Reached XP level 2. HP: 14/16 MP: 3/3
   160 | D:1      | Reached skill level 3 in Fighting
   510 | D:1      | Found a snail-covered altar of Cheibriados.
   516 | D:1      | Became a worshipper of Cheibriados the Contemplative
   516 | D:1      | Reached * piety under Cheibriados
   516 | D:1      | Reached ** piety under Cheibriados
   730 | D:1      | Reached XP level 3. HP: 20/20 MP: 4/4
  1003 | D:2      | Found an iron altar of Okawaru.
  1232 | D:3      | Reached *** piety under Cheibriados
  1257 | D:3      | Reached XP level 4. HP: 25/25 MP: 5/5
  1863 | D:3      | Reached skill level 4 in Fighting
  1988 | D:3      | Reached skill level 5 in Unarmed Combat
  2057 | D:4      | Reached **** piety under Cheibriados
  2093 | D:4      | Found a staircase to the Ecumenical Temple.
  2239 | D:4      | Noticed Pikel
  2239 | D:4      | Noticed a slave
  2241 | D:4      | Noticed a slave
  2244 | D:4      | Noticed a slave
  2248 | D:4      | Noticed a slave
  2264 | D:4      | Killed Pikel
  2264 | D:4      | Reached skill level 5 in Fighting
  2264 | D:4      | Reached skill level 6 in Unarmed Combat
  2264 | D:4      | Reached XP level 5. HP: 21/32 MP: 6/6
  2264 | D:4      | Gained mutation: You heal very quickly. [Vine Stalker growth]
  2264 | D:4      | Reached XP level 6. HP: 23/36 MP: 7/7
  2264 | D:4      | Reached XP level 7. HP: 24/39 MP: 8/8
  2524 | D:4      | Reached skill level 6 in Fighting
  2556 | D:4      | Reached skill level 7 in Unarmed Combat
  2898 | D:5      | Entered Level 5 of the Dungeon
  2956 | D:5      | Gained mutation: You have razor-sharp teeth. [Vine Stalker growth]
  2956 | D:5      | Reached XP level 8. HP: 40/45 MP: 9/9
  3018 | D:5      | Found a glowing drain.
  3032 | Sewer    | Entered a sewer
  3038 | Sewer    | Reached ***** piety under Cheibriados
  3572 | D:5      | Reached skill level 7 in Fighting
  3572 | D:5      | Reached skill level 8 in Unarmed Combat
  3708 | D:5      | Found a bloodstained altar of Trog.
  3943 | D:6      | Reached skill level 1 in Invocations
  4213 | D:6      | Reached XP level 9. HP: 41/50 MP: 11/11
  4278 | D:6      | Reached skill level 2 in Invocations
  4400 | D:6      | Reached skill level 9 in Unarmed Combat
  4538 | D:7      | Found a shimmering altar of Xom.
  4589 | D:7      | Reached skill level 8 in Fighting
  4589 | D:7      | Reached skill level 3 in Invocations
  4604 | D:7      | Got a scintillating steel ring
  4901 | D:7      | Found an opulent altar of Gozag.
  4953 | D:7      | Reached skill level 4 in Invocations
  4979 | D:7      | Reached ****** piety under Cheibriados
  5105 | D:8      | Reached skill level 10 in Unarmed Combat
  5150 | D:8      | Reached skill level 5 in Invocations
  5189 | D:8      | Reached XP level 10. HP: 48/56 MP: 15/15
  5342 | D:8      | Identified the ring "Otaozikh" {SustAt Stlth+} (You found it on level 7 of the Dungeon)
  5495 | D:8      | Reached skill level 6 in Invocations
  5825 | D:8      | Found a staircase to the Lair.
  5871 | Lair:1   | Entered Level 1 of the Lair of Beasts
  5903 | Lair:1   | Reached skill level 11 in Unarmed Combat
  6032 | Lair:1   | Reached skill level 7 in Invocations
  6247 | Lair:1   | Noticed a spiny frog
  6250 | Lair:1   | Killed a spiny frog
  6454 | Lair:1   | Noticed a spiny frog
  6464 | Lair:1   | Killed a spiny frog
  6697 | Lair:1   | Noticed a spiny frog
  6705 | Lair:1   | Killed a spiny frog
  6705 | Lair:1   | Reached skill level 8 in Invocations
  6946 | Lair:2   | Reached XP level 11. HP: 58/60 MP: 18/18
  6952 | Lair:2   | Reached skill level 12 in Unarmed Combat
  7089 | Lair:2   | Reached skill level 3 in Dodging
  7161 | Lair:2   | Reached skill level 4 in Dodging
  7349 | Lair:2   | Reached skill level 13 in Unarmed Combat
  7350 | Lair:2   | Reached skill level 5 in Dodging
  7663 | Lair:2   | Gained mutation: You regenerate. [Vine Stalker growth]
  7663 | Lair:2   | Reached XP level 12. HP: 28/64 MP: 19/19
  7777 | Lair:2   | Reached skill level 6 in Dodging
  7972 | Lair:3   | Found a frozen archway.
  7976 | IceCv    | Entered an ice cave
  8042 | IceCv    | Identified the Guide on Displacement (You found it in an ice cave)
  8151 | IceCv    | Noticed a death yak
  8158 | IceCv    | Killed a death yak
  8158 | IceCv    | Reached skill level 7 in Dodging
  8158 | IceCv    | Reached skill level 14 in Unarmed Combat
  8379 | IceCv    | Noticed a death yak
  8379 | IceCv    | Noticed a frost giant
  8396 | IceCv    | Killed a death yak
  8408 | IceCv    | Killed a frost giant
  8408 | IceCv    | Reached skill level 8 in Dodging
  8518 | IceCv    | Reached XP level 13. HP: 63/68 MP: 20/20
  9026 | Lair:3   | Found a staircase to the Snake Pit.
  9030 | Lair:3   | Reached skill level 15 in Unarmed Combat
  9056 | Lair:3   | Reached skill level 9 in Dodging
  9235 | Lair:3   | Noticed Fannar
  9247 | Lair:3   | Killed Fannar
  9780 | Lair:3   | Reached skill level 10 in Dodging
  9838 | Lair:3   | Noticed Rupert
  9868 | Lair:4   | Found a staircase to the Shoals.
  9914 | Lair:4   | Found a dark tunnel.
  9941 | Volcano  | Entered a volcano
 10035 | Volcano  | Reached skill level 16 in Unarmed Combat
 10575 | Lair:3   | Killed Rupert
 10575 | Lair:3   | Reached skill level 9 in Fighting
 10575 | Lair:3   | Reached XP level 14. HP: 24/75 MP: 12/21
 11901 | D:9      | Found a staircase to the Orcish Mines.
 11911 | Orc:1    | Entered Level 1 of the Orcish Mines
 11938 | Orc:2    | Entered Level 2 of the Orcish Mines
 12014 | Orc:2    | Found Cyn Luxt's Assorted Antiques.
 12034 | Orc:2    | Found Porumenoep's Gadget Shoppe.
 12126 | Orc:2    | Noticed an orc warlord
 12127 | Orc:2    | Found a roughly hewn altar of Beogh.
 12143 | Orc:2    | Killed an orc warlord
 12242 | Orc:2    | Reached skill level 10 in Fighting
 12311 | Orc:2    | Reached skill level 17 in Unarmed Combat
 12377 | Orc:2    | Found Nuleob's General Store.
 12463 | Orc:2    | Found Foichuh's Assorted Antiques.
 12479 | Orc:2    | Quit the game

Vault maps used:
D:1:      dpeg_arrival_erosion, roderic_serpentine_path, cheibriados_altar_1
D:2:      okawaru_metal_pillars_1_2
D:3:      first_bread
D:4:      minmay_temple_entry_poolview, uniq_pikel
D:5:      kennysheep_mini, gup_sewer_entry_pipe
D:6:      serial_park_tiny_1
D:7:      lemuel_crystal_altar, grunt_gozag_breadcrumbs
D:8:      david_lair_shrubbed
D:9:      nicolae_overflow_crystal_walls, gammafunk_temple_overflow_claw,
          orc_0_dummy, basic_altar, hangedman_decor_push, uniq_erolcha
Lair:1:   minivault_11, minmay_stone_trees_large, st_stairs_4
Lair:2:   minmay_hedge_maze, forest_entry_grove, grunt_megastairs_5,
          serial_bayou_shore_b
Lair:3:   guppyfry_snake_entry_garden, portal_ice_cave_entry_pillars_03,
          uniq_rupert, uniq_fannar
Lair:4:   shoals_dummy_entry, nicolae_volcano_entry_two_sided,
          grunt_megastairs_2, infiniplex_staircase_pool
Lair:5:   grunt_forest_stairs_clearing, infiniplex_staircase_pool_2,
          grunt_megastairs_3
Orc:1:    serial_shops, nicolae_shop_behind_doors, shop, bloody_makhleb
Orc:2:    pubby_orc_utopia, serial_shops
Sewer:    sewer_frog_island_01
IceCv:    ice_cave_caverns_03
Volcano:  volcano_bunker

Vanquished Creatures
  Rupert
  A frost giant
  An orc warlord Fannar
  2 hydras
  11 death yaks
  4 orc high priests Pikel
  2 orc knights
  3 toenail golems
  4 black mambas
  A torpor snail
  11 spiny frogs
  8 komodo dragons
  A fire drake
  19 polar bears
  10 blink frogs
  2 spriggans
  A wyvern
  3 hippogriffs
  45 yaks
  3 basilisks
  6 humans
  20 wolves
  A warg
  2 nagas
  8 water moccasins
  18 orc warriors
  9 porcupines
  2 slaves
  2 sky beasts
  A black bear
  2 phantoms
  An ice beast
  3 centaurs
  5 ogres
  10 crocodiles
  A big kobold
  12 giant frogs
  A scorpion
  5 killer bees
  8 wights
  An electric eel
  2 crimson imps
  3 centaur zombies
  2 hounds
  20 orc priests
  2 iguanas
  4 orc wizards
  5 worker ants
  2 hound skeletons
  8 gnolls
  13 adders
  22 river rats
  2 shadow imps
  An adder skeleton
  18 giant geckos
  52 orcs
  5 bats
  17 giant cockroaches
  5 goblins
  11 hobgoblins
  12 kobolds
  7 quokkas
  7 ball pythons
  6 giant newts
  A jackal skeleton
  9 rats
  2 fungi
  2 plants
493 creatures vanquished.
